 Dungeon Crawl Stone Soup version 0.29-a0-834-g1e95ca9f62 (webtiles) character file.

Game seed: 11306762255337941439

12646 Pooter the Spear-Bearer (level 11, -15/142 HPs)
             Began as a Minotaur Fighter on July 12, 2022.
             Was a Priest of Trog.
             Demolished by Donald
             ... wielding a +1 long sword of holy wrath
              (23 damage)
             ... on level 2 of the Orcish Mines on July 13, 2022.
             The game lasted 01:18:39 (12237 turns).

Pooter the Spear-Bearer (Minotaur Fighter)         Turns: 12237, Time: 01:18:40

Health: -15/142    AC: 17    Str: 25    XL:     11   Next: 65%
Magic:  10/10      EV: 12    Int:  5    God:    Trog [***...]
Gold:   1525       SH:  4    Dex: 10    Spells: 10/10 levels left

rFire   . . .      SeeInvis +   a - +7 trident of Ehiwemn {flame, rElec Stlth+}
rCold   + . .      Faith    .   c - +0 buckler
rNeg    . . .      Spirit   .   o - +4 plate armour
rPois   +          Reflect  .   (helmet restricted)
rElec   +          Harm     .   (no cloak)
rCorr   .          Rampage  .   M - +0 pair of gloves
Will    +....                   V - +0 pair of boots
Stlth   ..........              K - amulet "Roxadam" {Acrobat rElec rPois rC+ SInv}
HPRegen 0.33/turn               e - ring of willpower
MPRegen 0.12/turn               i - +4 ring of evasion

@: berserking (expiring), studying Dodging, very quick
A: horns 2, retaliatory headbutt
a: Renounce Religion, Berserk, Trog's Hand


You were on level 2 of the Orcish Mines.
You worshipped Trog.
Trog was most pleased with you.
You visited 2 branches of the dungeon, and saw 13 of its levels.
You also visited: Bailey.

You collected 1992 gold pieces.
You spent 467 gold pieces at shops.

Inventory:

Hand Weapons
 a - the +7 trident of Ehiwemn (weapon) {flame, rElec Stlth+}
   (You found it on level 4 of the Dungeon)

   It burns those it strikes, dealing additional fire damage.
   rElec:     It insulates you from electricity.
   Stlth:     It makes you more stealthy.
 b - a +0 sling
   (You found it on level 1 of the Dungeon)
 r - a +1 war axe
 y - a +1 demon trident of venom
   (You found it on level 3 of the Dungeon)
 N - a +2 flail of holy wrath
   (You took it off an orc on level 5 of the Dungeon)
Missiles
 g - 2 boomerangs
 h - 3 throwing nets {!f}
 v - 6 silver javelins (quivered)
 E - 6 poisoned darts
 Q - 75 stones
Armour
 c - a +0 buckler (worn)
 o - a +4 plate armour (worn)
   (You took it off a goblin on level 2 of the Dungeon)
 M - a +0 pair of gloves (worn)
   (You found it on level 8 of the Dungeon)
 V - a +0 pair of boots (worn)
   (You found it on level 10 of the Dungeon)
Jewellery
 e - a ring of willpower (left hand)
   (You bought it in a shop on level 9 of the Dungeon)
 i - a +4 ring of evasion (right hand)
   (You found it on level 11 of the Dungeon)
 C - a ring of resist corrosion
   (You found it on level 7 of the Dungeon)
 G - an amulet of guardian spirit
   (You found it on level 7 of the Dungeon)
 K - the amulet "Roxadam" (around neck) {Acrobat rElec rPois rC+ SInv}
   (You found it on level 7 of the Dungeon)

   [amulet of the acrobat]

   It increases your evasion while moving and waiting.
   rC:        It protects you from cold.
   rElec:     It insulates you from electricity.
   rPois:     It protects you from poison.
   SInv:      It lets you see invisible.
 P - a ring of poison resistance
   (You found it on level 6 of the Dungeon)
 S - a ring of see invisible
   (You found it on level 8 of the Dungeon)
Wands
 f - a wand of flame (9)
   (You found it on level 3 of the Dungeon)
 p - a wand of roots (3)
   (You found it on level 8 of the Dungeon)
 u - a wand of paralysis (3)
   (You found it on level 5 of the Dungeon)
 x - a wand of acid (5)
   (You found it on level 5 of the Dungeon)
 D - a wand of digging (6)
   (You bought it in a shop on level 9 of the Dungeon)
 F - a wand of polymorph (14)
   (You found it on level 6 of the Dungeon)
Scrolls
 j - a scroll of silence
 n - 3 scrolls of noise {!r}
 t - 2 scrolls of teleportation {@r4}
 w - a scroll of blinking
 H - 2 scrolls of poison
 L - a scroll of immolation {unknown}
Potions
 d - 2 potions of might
 k - 4 potions of haste {@q3}
 l - a potion of magic {unknown}
 q - 4 potions of heal wounds {@q2}
 s - 2 potions of berserk rage {unknown}
 z - 4 potions of curing {@q1}
 A - 3 potions of flight
 B - 2 potions of attraction {!q}
 I - a potion of invisibility
 J - 2 potions of cancellation
 R - a potion of degeneration {unknown}
 T - a potion of mutation {unknown}
 U - 4 potions of ambrosia
Miscellaneous
 m - a phial of floods (inert)
   (You found it in a bailey)


   Skills:
 + Level 8.6 Fighting
 + Level 8.6(10.9) Axes
 * Level 10.5(11.8) Polearms
 + Level 7.0 Ranged Weapons
 + Level 6.0 Throwing
 - Level 3.6 Armour
 + Level 7.9 Dodging
 + Level 5.8 Stealth
 - Level 3.6 Shields
 + Level 5.6 Evocations


You had 10 spell levels left.
You didn't know any spells.
Your spell library contained the following spells:

 Spells                   Type           Power      Damage    Failure   Level
 Beastly Appendage        Tmut           0%         N/A       100%        1
 Wereblood                Tmut           0%         N/A       100%        2
 Spider Form              Tmut/Pois      0%         N/A       100%        3


Dungeon Overview and Level Annotations

Branches:
Dungeon (11/15)            Temple (0/1) D:6            Lair (0/6) D:11
    Orc (2/2) D:11         Bailey (visited)
    Elf: Orc:2

Altars:
Dithmenos
Fedhas
Kikubaaqudgha
Nemelex Xobeh
Okawaru
Ru
Trog
Uskayaw
Wu Jian
Zin

Shops:
D:4 *   D:9 *

Annotations:
Orc:2 3 runed translucent doors, Donald; Sabo's ghost, journeyman FoFi


Innate Abilities, Weirdness & Mutations

You have a pair of horns on your head.
You reflexively headbutt those who attack you in melee.


Message History

The naga warrior shouts! x2; The orc warrior shouts!
The merfolk javelineer shouts!
The tengu warrior shouts!
Sabo's ghost turns its malevolent gaze towards you.
The tengu warrior shouts!
Sabo's ghost says, "You can hit me, but you can't hurt me."
Found a wand of acid (4).
The orc knight shouts!
Donald and an orc come into view.
Donald is wielding a +1 long sword of holy wrath and wearing a +0 kite shield of reflection.
Donald shouts!
The orc shouts!
Donald mumbles some strange words.
Donald seems to speed up.
You hear a shout!
Blink to where?
As you read the scroll of blinking, it crumbles to dust.
Donald says, "I'll never be able to carry all this gold!
I hate that."
Donald casts a spell.
Donald seems to grow stronger.
Donald says, "What do they mine anyway?
I've never seen them mine anything."
Donald says, "I hate complainers so much."
There is a stone staircase leading up here.
A red film seems to cover your vision as you go berserk!
You feel yourself moving faster!
You feel mighty!
You reach to attack!
Donald blocks your attack.
You hit Donald. You burn Donald. Donald closely misses you.
You barely miss Donald. Donald blocks your attack.
Donald hits you with a +1 long sword of holy wrath!
Donald blocks your attack.
You headbutt Donald! Donald blocks your attack.
You headbutt Donald.
Donald hits you with a +1 long sword of holy wrath!!
You puncture Donald! You burn Donald. You headbutt Donald, but do no damage.
Donald hits you with a +1 long sword of holy wrath!!
You puncture Donald! You burn Donald.
Donald hits you with a +1 long sword of holy wrath.
Donald blocks your attack.
Your headbutt misses Donald. Donald blocks your attack.
Donald hits you with a +1 long sword of holy wrath!!
* * * LOW HITPOINT WARNING * * *
You completely miss Donald. Your headbutt misses Donald.
Donald hits you with a +1 long sword of holy wrath!!
* * * LOW HITPOINT WARNING * * *
Donald blocks your attack.
Donald says, "I considered Trog, but the aftereffects of berserk scare me."
Donald hits you with a +1 long sword of holy wrath!!
* * * LOW HITPOINT WARNING * * *
You barely miss Donald. You headbutt Donald!
Unknown command.
Donald blocks your attack.
Donald hits you with a +1 long sword of holy wrath!!
You die...

....... .......###
........### #.......##
..#... #........##
....... #..).....##
....... #.........##
.......## ##.........#
........#####...@....##
..........#.....@#..##
#.......##....##.##
#......#..o...###
###.........###
##........# #.........#
##.......#####
##..........#.#


You could see Donald (fast, strong, reflecting) and an orc.

Vanquished Creatures
  4 two-headed ogres
  An orc sorcerer (Orc:2)
  The ghost of buhh the Insei, a novice OpTm (D:5)
  A cyclops (D:11)
  A kobold demonologist (D:10)
  2 gargoyles
  2 tengu conjurers (D:9)
  A queen bee (D:10)
  A hornet (D:10)
  A troll (D:10)
  A shadow (D:9)
  A wyvern (D:8)
  3 steam dragons
  A warg (Orc:1)
  An acid dragon (D:9)
  2 water moccasins
  A sky beast (D:7)
  4 orc warriors
  An ice beast (D:8)
  A black bear (D:6)
  6 wolves (Bailey)
  4 ogres
  8 centaurs
  2 phantoms (D:4)
  A necrophage (D:7)
  12 gnoll sergeants
  2 scorpions
  3 wights (D:7)
  35 killer bees
  3 howler monkeys
  4 orc priests
  6 gnoll boudas
  5 hounds
  3 iguanas
  9 orc wizards
  22 gnolls
  6 adders
  2 shadow imps (D:6)
  4 white imps
  3 ufetubi
  3 worms
  A dart slug (D:3)
  37 orcs
  4 ball pythons
  7 endoplasms
  3 giant cockroaches
  12 goblins
  7 hobgoblins
  2 jackals (D:2)
  2 quokkas
  5 bats
  A frilled lizard (D:1)
  4 kobolds
  6 rats
265 creatures vanquished.

Vanquished Creatures (others)
  21 plants (D:2)
21 creatures vanquished.

Grand Total: 286 creatures vanquished

Notes
Turn   | Place    | Note
-------+----------+-------------------------------------------
     0 | D:1      | Pooter the Minotaur Fighter began the quest for the Orb.
     0 | D:1      | Reached XP level 1. HP: 19/19 MP: 0/0
   429 | D:1      | Reached XP level 2. HP: 24/27 MP: 1/1
   551 | D:1      | Found a faded altar of an unknown god.
  1518 | D:2      | Reached XP level 3. HP: 27/33 MP: 2/2
  1876 | D:2      | Reached skill level 1 in Ranged Weapons
  1876 | D:2      | Reached skill level 1 in Stealth
  2192 | D:3      | Found a hide-covered altar of Uskayaw.
  2192 | D:3      | Found a bloodstained altar of Trog.
  2197 | D:3      | Became a worshipper of Trog the Wrathful
  2229 | D:3      | Reached XP level 4. HP: 2/40 MP: 3/3
  3181 | D:4      | Noticed an ogre
  3192 | D:3      | Killed an ogre
  3193 | D:3      | Reached skill level 1 in Polearms
  3193 | D:3      | Reached XP level 5. HP: 39/47 MP: 4/4
  3294 | D:4      | Found Daryhalu's General Store.
  3298 | D:4      | Noticed a phantom
  3307 | D:4      | Killed a phantom
  3308 | D:4      | Reached skill level 2 in Polearms
  3308 | D:4      | Reached skill level 1 in Throwing
  3308 | D:4      | Reached skill level 1 in Evocations
  3308 | D:4      | Reached XP level 6. HP: 53/53 MP: 5/5
  3356 | D:4      | Bought a scroll of identify for 26 gold pieces
  3356 | D:4      | Bought a scroll of noise for 13 gold pieces
  3356 | D:4      | Bought a potion of curing for 39 gold pieces
  3450 | D:4      | Identified the +7 trident of Ehiwemn {flame, rElec Stlth+}
  3625 | D:4      | Reached * piety under Trog
  3788 | D:5      | Entered Level 5 of the Dungeon
  3837 | D:5      | Reached skill level 3 in Polearms
  3930 | D:5      | Found a sparkling altar of Nemelex Xobeh.
  3972 | D:5      | Found a runed translucent door.
  3999 | D:5      | Reached skill level 5 in Fighting
  3999 | D:5      | Reached XP level 7. HP: 37/61 MP: 6/6
  4201 | D:5      | Found a large runed translucent door.
  4201 | D:5      | Found a large runed translucent door.
  4207 | D:4      | Reached skill level 5 in Axes
  4257 | D:4      | Reached skill level 4 in Polearms
  4310 | D:5      | Noticed buhh's ghost (novice OpTm)
  4429 | D:5      | Found a shadowy altar of Dithmenos.
  4640 | D:5      | Reached XP level 8. HP: 11/69 MP: 7/7
  4640 | D:5      | Reached ** piety under Trog
  5017 | D:5      | Killed buhh's ghost
  5018 | D:5      | Reached skill level 5 in Polearms
  5274 | D:6      | Reached skill level 6 in Polearms
  5363 | D:4      | Bought a potion of invisibility for 104 gold pieces
  5417 | D:6      | Found a blossoming altar of Fedhas.
  5443 | D:6      | Identified 2 scrolls of acquirement
  5443 | D:6      | Acquired a manual of Dodging
  5445 | D:6      | Acquired 907 gold pieces
  5660 | D:6      | Found a staircase to the Ecumenical Temple.
  5691 | D:6      | Reached skill level 1 in Dodging
  5873 | D:7      | Reached XP level 9. HP: 77/77 MP: 8/8
  5905 | D:7      | Identified the amulet "Roxadam" {Acrobat rElec rPois rC+
                  | SInv}
  6711 | D:7      | Reached skill level 7 in Polearms
  7082 | D:7      | Found an ornate altar of the Wu Jian Council.
  7084 | D:7      | Found an ancient bone altar of Kikubaaqudgha.
  7464 | D:8      | Noticed a two-headed ogre
  7474 | D:8      | Killed a two-headed ogre
  7475 | D:8      | Reached skill level 5 in Ranged Weapons
  7769 | D:8      | Reached skill level 8 in Polearms
  7769 | D:8      | Reached XP level 10. HP: 86/86 MP: 9/9
  8309 | D:9      | Reached skill level 5 in Dodging
  8333 | D:9      | Found a glowing silver altar of Zin.
  8552 | D:9      | Found Mimotz's Assorted Antiques.
  8560 | D:9      | Bought a tourmaline ring for 120 gold pieces
  8560 | D:9      | Bought a scroll of identify for 48 gold pieces
  8560 | D:9      | Bought a forked ivory wand for 96 gold pieces
  8560 | D:9      | Bought an orange potion for 21 gold pieces
  8795 | D:9      | Found a sacrificial altar of Ru.
  8857 | D:9      | Noticed a two-headed ogre
  8862 | D:9      | Killed a two-headed ogre
  8902 | D:9      | Reached skill level 5 in Throwing
  8902 | D:9      | Reached skill level 5 in Stealth
  8935 | D:9      | Found the +0 staff of Battle
  9009 | D:9      | Reached skill level 9 in Polearms
  9205 | D:10     | Entered Level 10 of the Dungeon
  9271 | D:10     | Found a flagged portal.
  9283 | Bailey   | Entered a bailey
  9765 | Bailey   | Identified the +1 plate armour "Ongon" {Int+6}
  9876 | Bailey   | Reached skill level 5 in Evocations
 10105 | D:10     | Reached XP level 11. HP: 84/94 MP: 10/10
 10314 | D:10     | Reached *** piety under Trog
 10408 | D:10     | Noticed a two-headed ogre
 10417 | D:10     | Killed a two-headed ogre
 11033 | D:11     | Reached skill level 10 in Polearms
 11750 | D:11     | Noticed a two-headed ogre
 11757 | D:11     | Killed a two-headed ogre
 11808 | D:11     | Found a staircase to the Lair.
 11884 | D:11     | Found a staircase to the Orcish Mines.
 11893 | Orc:1    | Entered Level 1 of the Orcish Mines
 12016 | Orc:2    | Entered Level 2 of the Orcish Mines
 12016 | Orc:2    | Noticed an orc sorcerer
 12152 | Orc:2    | Killed an orc sorcerer
 12207 | Orc:2    | Found a runed translucent gate.
 12207 | Orc:2    | Found a runed translucent gate.
 12207 | Orc:2    | Found an iron altar of Okawaru.
 12207 | Orc:2    | Found a runed translucent gate.
 12207 | Orc:2    | Noticed a naga warrior
 12207 | Orc:2    | Noticed a naga warrior
 12207 | Orc:2    | Noticed a merfolk javelineer
 12207 | Orc:2    | Noticed a tengu warrior
 12207 | Orc:2    | Noticed Sabo's ghost (journeyman FoFi)
 12207 | Orc:2    | Noticed a tengu warrior
 12208 | Orc:2    | Noticed an orc knight
 12210 | Orc:2    | Noticed Donald
 12237 | Orc:2    | Demolished by Donald

Illustrated notes

Levels and vault maps discovered:
D:1:      minmay_arrival_open_corners, layout_rooms, serial_glass,
          glass_columns_a, glass_columns_a, hellmonk_ecumenical_altar_crossroads
D:2:      wad_lake_hut, layout_basic
D:3:      layout_loops_ring, nicolae_overflow_two_pavilions, st_stairs_13,
          kennysheep_nondescript, minmay_between
D:4:      layout_cave_pools, serial_shops, nicolae_shop_crystal
D:5:      layout_rooms, nicolae_overflow_crystal_walls,
          nemelex_xobeh_ov_fountains_minmay, ebering_ghost_disaster_area,
          lightli_church_of_beogh
D:6:      layout_rooms, fedhas_altar_1, minmay_temple_entry_statues_fountains,
          abandoned_shop
D:7:      layout_loops_ring, minitemple
D:8:      layout_basic, hangedman_abyss_or_decor_stabs, nicolae_titane
D:9:      layout_cross, nicolae_ru_great_annihilating_truth,
          mainiacjoe_overflow_24_doors, chequers_jeans, nicolae_stop_n_shop_2,
          hellmonk_guarded_unrand_staff_of_battle
D:10:     layout_roguey [special_room_bee], enter_bailey_2
D:11:     layout_stronghold, lair_entry_dummy, orc_0_dummy, minmay_misc_feat_iff
Orc:1:    layout_diamond_mine, serial_shops, nicolae_diamond_shop, mines1_david,
          uniq_urug
Orc:2:    st_orc_town, layout_diamond_mine, gammafunk_ghost_fury_of_okawaru,
          uniq_donald

Skill      XL: |  1  2  3  4  5  6  7  8  9 10 11 |
---------------+----------------------------------+-----
Axes           | 3 4 5 6 7 8 |  8.6
Fighting       | 4 5 6 7 8 |  8.6
Ranged Weapons | 1 2 3 4 5 6 7 |  7.0
Stealth        | 1 2 3 4 5 |  5.8
Polearms       | 1 2 3 4 6 8 9 10 | 10.5
Throwing       | 1 2 3 4 5 6 |  6.0
Evocations     | 1 2 3 4 5 |  5.6
Dodging        | 1 4 6 7 |  7.9
Armour         | |  3.6
Shields        | |  3.6

Action                   |  1- 3 |  4- 6 |  7- 9 | 10-12 || total
-------------------------+-------+-------+-------+-------++-------
Melee: War axe           |    64 |     8 |     4 |     9 ||    85
       Headbutt          |     7 |     8 |    17 |    35 ||    67
       Demon trident     |       |    45 |       |       ||    45
       Trident           |       |    22 |   165 |   273 ||   460
 Fire: Sling             |    41 |    16 |    22 |    16 ||    95
Throw: Javelin           |       |       |    16 |    28 ||    44
       Throwing net      |       |       |     1 |       ||     1
       Dart              |       |       |     2 |       ||     2
Invok: Berserk           |       |       |     8 |    10 ||    18
       Trog's Hand       |       |       |     4 |    11 ||    15
Evoke: Wand              |       |       |     6 |     5 ||    11
       Phial of floods   |       |       |       |     1 ||     1
  Use: Potion            |     1 |       |       |       ||     1
       Scroll            |       |     2 |     7 |    15 ||    24
 Stab: Invisible         |       |       |       |     1 ||     1
       Paralysed         |       |       |       |     1 ||     1
Armor: Scale mail        |    18 |       |       |       ||    18
       Plate armour      |     7 |    30 |    57 |   175 ||   269
Dodge: Dodged            |    25 |    31 |    51 |   177 ||   284
Block: Buckler           |    14 |    19 |    19 |    63 ||   115

Table legend: (Time is in decaauts)
 A = Elapsed time spent in this place.
 B = Non-inter-level travel time spent in this place.
 C = Inter-level travel time spent in this place.
 D = Time resting spent in this place.
 E = Time spent auto-exploring this place.
 F = Levels seen in this place.
 G = Mean time per level.
                   A        B        C        D        E       F      G
               +--------+--------+--------+--------+--------+-----+--------+
         Total |  12464 |  12139 |    325 |   3463 |   6168 |  14 |  890.3 |
       Dungeon |  11300 |  10975 |    325 |   2883 |   6093 |  11 | 1027.3 |
  Orcish Mines |    344 |    344 |      0 |    100 |     32 |   2 |  172.0 |
        Bailey |    818 |    818 |      0 |    480 |     43 |   1 |  818.0 |
               +--------+--------+--------+--------+--------+-----+--------+

Top non-repeatable levels by time:
     D:7: 1508 daAuts
     D:2: 1386 daAuts
     D:5: 1240 daAuts
     D:3: 1081 daAuts
     D:9: 1061 daAuts
    D:10: 1039 daAuts
     D:8: 911 daAuts
     D:4: 856 daAuts
     D:1: 828 daAuts
  Bailey: 818 daAuts
    D:11: 740 daAuts
     D:6: 645 daAuts
   Orc:1: 250 daAuts
   Orc:2: 94 daAuts
